 Dungeon Crawl Stone Soup version 0.20.1-1-g8b1a95d66d (webtiles) character file.

18 JValeksei the Stinger (level 2, 0/15 HPs)
             Began as a Gargoyle Venom Mage on Dec 20, 2017.
             Slain by Sigmund
             ... wielding a +0 scythe
              (2 damage)
             ... on level 2 of the Dungeon.
             The game lasted 00:02:23 (1216 turns).

JValeksei the Stinger (Gargoyle Venom Mage)         Turns: 1216, Time: 00:02:23

Health: 0/15       AC:  5    Str: 11    XL:     2   Next: 66%
Magic:  5/5        EV: 11    Int: 15    God:
Gold:   53         SH:  0    Dex: 10    Spells: 2/5 levels left

rFire    . . .     SeeInvis .   g - +0 whip
rCold    . . .     Gourm    .   (no shield)
rNeg     + . .     Faith    .   q - +0 leather armour
rPois    ∞         Spirit   .   (no helmet)
rElec    +         Reflect  .   (no cloak)
rCorr    .         Harm     .   (no gloves)
MR       .....                  (no boots)
Stlth    ++........             (no amulet)
Regen    0.1/turn               (no ring)
MPRegen  0.1/turn               (no ring)

@: no status effects
A: negative energy resistance 1, electricity resistance, unbreathing,
petrification resistance, rot immunity, AC +2
a: no special abilities


You were on level 2 of the Dungeon.
You were not hungry.

You visited 1 branch of the dungeon, and saw 2 of its levels.

You collected 53 gold pieces.

Inventory:

Hand Weapons
 e - a +0 club
 g - a +0 whip (weapon)
 j - a +0 whip
 m - a +0 short sword
 n - a +0 spear
Armour
 a - a +0 robe
 p - a +0 shield
 q - a +0 leather armour (worn)
Jewellery
 l - an uncursed ring of protection from cold {unknown}
Scrolls
 f - a scroll of remove curse {unknown}
 i - a scroll of teleportation {unknown}
Potions
 d - a potion of might {unknown}
Books
 b - a Young Poisoner's Handbook

   Spells                             Type                      Level
   a - Sting                          Conjuration/Poison           1
   b - Poisonous Vapours              Poison/Air                   2
   c - Mephitic Cloud                 Conjuration/Poison/Air       3
   d - Olgreb's Toxic Radiance        Poison                       4
   e - Venom Bolt                     Conjuration/Poison           5
Comestibles
 c - a bread ration
 h - a royal jelly
 k - a meat ration
 o - 2 chunks of flesh


   Skills:
 + Level 1.7 Dodging
 + Level 2.1 Stealth
 * Level 2.2 Spellcasting
 * Level 1.3 Conjurations
 * Level 3.4 Poison Magic


You had 2 spell levels left.
You knew the following spells:

 Your Spells              Type           Power        Failure   Level  Hunger
a - Sting                 Conj/Pois      #...         11%         1    #......
b - Poisonous Vapours     Pois/Air       #.....       22%         2    ###....


Dungeon Overview and Level Annotations

Branches:
Dungeon (2/15)

Altars:

Annotations:
D:2 Sigmund


Innate Abilities, Weirdness & Mutations

You are resistant to torment.
Your stone body is resilient. (AC +2)
You are immune to poison.
You resist negative energy. (rN+)
You are resistant to electric shocks. (rElec)
You can survive without breathing.
You are immune to petrification.
You are immune to rotting.


Message History

You're too confused!
Sigmund casts a spell at you. You resist with significant effort.
You're too confused to cast spells.
You bump into the rock wall.
Sigmund barely misses you. Sigmund hits you with a scythe.
You bump into the rock wall.
You bump into the rock wall.
You feel less confused. Sigmund hits you with a scythe!
* * * LOW HITPOINT WARNING * * *
Sigmund casts a spell at you.
You are confused.
You're too confused to move!
Sigmund misses you.
You bump into the rock wall.
Sigmund looks more healthy.
You bump into the rock wall.
You feel less confused.
Sigmund hits you from afar with a scythe.
You die...

#..>.......
#...)....###########.
#........##..<.......
###....#####.#.#######
#............#........
#.#.#.###############.
#.#)#.# #.#.#.#
#.#.#@########
#<#...........
#.###@######## #.....#
#######


You could see Sigmund.

Vanquished Creatures
  A dart slug (D:1)
  A ball python (D:1)
  A bat (D:1)
  A giant cockroach (D:1)
  3 goblins
  2 hobgoblins
  2 frilled lizards
  2 kobolds (D:1)
  A rat (D:1)
14 creatures vanquished.

Notes
Turn   | Place    | Note
-------+----------+-------------------------------------------
     0 | D:1      | JValeksei the Gargoyle Venom Mage began the quest for the Orb.
     0 | D:1      | Reached XP level 1. HP: 10/10 MP: 3/3
   412 | D:1      | Reached XP level 2. HP: 12/15 MP: 1/5
   419 | D:1      | Learned a level 2 spell: Poisonous Vapours
  1048 | D:2      | Noticed Sigmund
  1216 | D:2      | Slain by Sigmund

Action                   || total
-------------------------++-------
Melee: Whip              ||    26
       Unarmed           ||     1
 Cast: Sting             ||    25
       Poisonous Vapours ||     2
  Eat: Chunk             ||     1
Armor: Robe              ||    13
Dodge: Dodged            ||    17
